 Dungeon Crawl Stone Soup version 0.20.1-1-g8b1a95d (webtiles) character file.

10938 Meenos the Spear-Bearer (level 11, -1/92 HPs)
             Began as a Minotaur Fighter on Nov 5, 2017.
             Was an Initiate of Uskayaw.
             Slain by an ogre
             ... wielding a +0 giant club
              (17 damage)
             ... on level 2 of the Orcish Mines.
             The game lasted 03:02:52 (11851 turns).

Meenos the Spear-Bearer (Minotaur Fighter)         Turns: 11851, Time: 03:02:53

Health: -1/92      AC: 14    Str: 24    XL:     11   Next: 42%
Magic:  3/12       EV:  7    Int:  5    God:    Uskayaw [......]
Gold:   1035       SH: 14    Dex: 13    Spells: 10/10 levels left

rFire    . . .     SeeInvis .   a - +0 trident
rCold    . . .     Gourm    .   c - +0 shield
rNeg     . . .     Faith    .   K - +0 plate armour
rPois    .         Spirit   .   (helmet restricted)
rElec    .         Reflect  .   k - +0 cloak
rCorr    .         Harm     .   (no gloves)
MR       +....                  V - +0 pair of boots (curse)
Stlth    ..........             (no amulet)
Regen    0.3/turn               Y - ring of protection from magic
MPRegen  0.2/turn               Z - +3 ring of dexterity

@: no status effects
A: retaliatory headbutt, horns 2
a: Renounce Religion


You were on level 2 of the Orcish Mines.
You worshipped Uskayaw.
Uskayaw was noncommittal.
You were not hungry.

You visited 2 branches of the dungeon, and saw 12 of its levels.

You collected 1105 gold pieces.
You spent 70 gold pieces at shops.

Inventory:

Hand Weapons
 a - a +0 trident (weapon)
 j - a +3 quarterstaff of chaos
 G - a +2 falchion of holy wrath
 X - a +0 blowgun
Missiles
 y - 8 tomahawks (quivered)
 L - 5 tomahawks of returning
 M - 6 needles of sleeping
Armour
 c - a +0 shield (worn)
 k - a +0 cloak (worn)
 w - a +3 leather armour
 K - a +0 plate armour (worn)
 V - a cursed +0 pair of boots (worn)
Jewellery
 t - an uncursed ring of protection from fire
 P - an uncursed ring of resist corrosion
 Y - a ring of protection from magic (left hand)
 Z - a +3 ring of dexterity (right hand)
Wands
 b - a wand of acid (10/15)
 N - a wand of confusion (26/48)
 Q - a wand of paralysis (18/24)
 T - a wand of random effects (34/48)
 W - a wand of polymorph (14/24)
Scrolls
 g - 2 scrolls of amnesia
 o - 3 scrolls of identify
 r - a scroll of recharging
 v - a scroll of torment {unknown}
 x - 3 scrolls of teleportation
 A - 5 scrolls of remove curse
 B - 2 scrolls of magic mapping
 E - a scroll of enchant armour {unknown}
 J - a scroll of enchant weapon {unknown}
 O - a scroll of brand weapon {unknown}
Potions
 e - a potion of cancellation
 h - a potion of brilliance {unknown}
 l - 2 potions of flight
 m - 2 potions of haste {unknown}
 n - 2 potions of agility {unknown}
 D - a potion of degeneration {unknown}
 F - 2 potions of lignification
 R - a potion of magic {unknown}
Books
 s - a book of Frost

   Spells                             Type                      Level
   a - Freeze                         Ice                          1
   b - Throw Frost                    Conjuration/Ice              2
   c - Ozocubu's Armour               Charms/Ice                   3
   d - Throw Icicle                   Conjuration/Ice              4
   e - Summon Ice Beast               Ice/Summoning                4
 u - Vehumet's Reference Book on Confrontation
   (You found it on level 2 of the Dungeon)

   Spells                             Type                      Level
   a - Magic Dart                     Conjuration                  1
Miscellaneous
 S - a phial of floods (inert)
Comestibles
 p - a meat ration
 q - 14 royal jellies


   Skills:
 - Level 7.1 Fighting
 - Level 14.1 Polearms
 - Level 0.2(9.4) Staves
 - Level 4.3 Armour
 - Level 1.3 Dodging
 * Level 13.8 Shields
 + Level 3.0 Evocations


You had 10 spell levels left.
You didn't know any spells.

Dungeon Overview and Level Annotations

Branches:
Dungeon (10/15)            Temple (0/1) D:7             Orc (2/2) D:10
   Lair: D:8-11         Elf: Orc:2

Altars:
Ashenzari
Cheibriados
Hepliaklqana
Kikubaaqudgha
Nemelex Xobeh
Ru
Sif Muna
Trog
Uskayaw
Vehumet
Xom
Yredelemnul
Beogh

Shops:
D:7 *   Orc:1 [   Orc:2 !


Innate Abilities, Weirdness & Mutations

You reflexively headbutt those who attack you in melee.
You have a pair of horns on your head.


Message History

The ogre mage is moderately wounded.
The orc is heavily wounded.
The orc wizard is heavily wounded.
You feel somewhat more hungry.
You can no longer stomp with the beat.
The ogre mage points at the ogre and mumbles some strange words.
The ogre seems to speed up.
The ogre mage gestures wildly while chanting.
The ogre mage blinks!
You block the orc's attack. You block the orc wizard's attack.
You block the orc sorcerer's attack.
You can now stomp with the beat.
You stomp with the beat, sending a shockwave through the revelers around you!
The orc sorcerer is heavily wounded.
The ogre is heavily wounded.
The ogre mage is moderately wounded.
You kill the orc!
The ynoxinul is moderately wounded.
The orc wizard is severely wounded.
You feel somewhat more hungry.
You can no longer stomp with the beat.
The ogre hits you with a giant club!
You die...

#§...o4..[ '..≈#
O∩#≈§.8).[). '..≈#
...#≈..3..3.)
#..≈##...#≈§..(≈§≈≈
#.o≈≈...8#≈...####§
##....o...#≈.... ##
##......≈≈ #§.....
##...535# #≈o..≈≈
#...O@oo# #≈..####
#≈.8.oO).# ≈≈..
#≈.#.....'.. #≈
#_....#o8.. ##
###8..' ... #§
...##. §§ ## ≈≈##
§§ § # ### ## # #


You could see 2 ogre magi, a ynoxinul, an orc sorcerer, an ogre, 5 orc wizards
and 2 ufetubi.

Vanquished Creatures
  An ogre mage (Orc:2)
  A two-headed ogre (D:8)
  Erica (D:8)
  The ghost of flt the Transmogrifier, a novice OpTm of Cheibriados (D:7)
  Pikel (D:7)
  3 orc sorcerers (Orc:2)
  2 trolls
  3 hippogriffs
  10 yaks
  The ghost of Zogzag the Digger, an amateur HuEE (D:3)
  A water moccasin (D:7)
  4 sky beasts
  7 orc warriors
  A phantom (D:8)
  4 slaves (D:7)
  4 ogres
  2 hornet zombies
  A black bear (D:6)
  A centaur (D:7)
  Blork the orc (D:5)
  4 bullfrogs
  2 scorpions
  3 howler monkeys
  A crimson imp (D:10)
  A quasit (D:10)
  6 jellies
  11 orc priests
  A centaur skeleton (D:6)
  6 hounds
  15 orc wizards
  Crazy Yiuf (D:2)
  A bullfrog skeleton (D:8)
  2 iguanas
  Natasha (thrice) (D:2)
  5 worker ants
  3 hound zombies
  2 hound skeletons
  Robin (D:4)
  A howler monkey skeleton (D:4)
  7 adders
  2 shadow imps (D:7)
  5 oozes (D:8)
  An adder zombie (D:8)
  3 worms
  3 dart slugs
  7 leopard geckos
  47 orcs
  3 ball pythons
  4 giant cockroaches
  15 goblins
  13 hobgoblins
  3 jackals (D:7)
  7 kobolds
  5 quokkas
  9 bats
  3 frilled lizards
  A jackal skeleton (D:4)
  A leopard gecko zombie (D:6)
  8 rats
266 creatures vanquished.

Vanquished Creatures (others)
  An orc wizard (Orc:2)
1 creature vanquished.

Grand Total: 267 creatures vanquished

Notes
Turn   | Place    | Note
-------+----------+-------------------------------------------
     0 | D:1      | Meenos the Minotaur Fighter began the quest for the Orb.
     0 | D:1      | Reached XP level 1. HP: 19/19 MP: 0/0
   305 | D:1      | Reached XP level 2. HP: 27/27 MP: 1/1
   620 | D:2      | Reached skill level 1 in Dodging
   654 | D:2      | Noticed Natasha
   658 | D:2      | Killed Natasha
   658 | D:2      | Reached XP level 3. HP: 24/33 MP: 2/2
   839 | D:2      | Noticed Natasha
   853 | D:2      | Killed Natasha
   853 | D:2      | Reached skill level 3 in Polearms
   853 | D:2      | Reached XP level 4. HP: 26/40 MP: 3/3
  1002 | D:2      | Found a runed door.
  1012 | D:2      | Noticed Crazy Yiuf
  1017 | D:2      | Killed Crazy Yiuf
  1188 | D:2      | Reached skill level 4 in Polearms
  1357 | D:2      | Reached XP level 5. HP: 42/47 MP: 4/4
  1433 | D:2      | Found a deep blue altar of Sif Muna.
  1434 | D:2      | Found an ancient bone altar of Kikubaaqudgha.
  1444 | D:2      | Found a radiant altar of Vehumet.
  1452 | D:2      | Identified Vehumet's Reference Book on Confrontation
  1523 | D:2      | Noticed Natasha
  1538 | D:2      | Killed Natasha
  1753 | D:3      | Noticed Zogzag's ghost (amateur HuEE)
  1757 | D:3      | Killed Zogzag's ghost
  1757 | D:3      | Reached skill level 5 in Fighting
  1757 | D:3      | Reached skill level 5 in Polearms
  1757 | D:3      | Reached XP level 6. HP: 56/56 MP: 5/5
  1779 | D:3      | Reached skill level 6 in Polearms
  2657 | D:4      | Reached skill level 7 in Polearms
  2704 | D:4      | Noticed Robin
  2717 | D:4      | Killed Robin
  2831 | D:5      | Entered Level 5 of the Dungeon
  2844 | D:5      | Noticed Blork the orc
  2855 | D:5      | Killed Blork the orc
  2855 | D:5      | Reached XP level 7. HP: 50/61 MP: 6/6
  3007 | D:5      | Reached skill level 8 in Polearms
  3431 | D:5      | Found a sparkling altar of Nemelex Xobeh.
  3431 | D:5      | Found a shattered altar of Ashenzari.
  3441 | D:5      | Found a hide-covered altar of Uskayaw.
  3443 | D:5      | Found a sacrificial altar of Ru.
  3444 | D:5      | Found a snail-covered altar of Cheibriados.
  3483 | D:5      | Became a worshipper of Uskayaw the Reveler
  3548 | D:5      | Reached * piety under Uskayaw
  3884 | D:6      | Reached ** piety under Uskayaw
  3887 | D:6      | Reached skill level 9 in Polearms
  3887 | D:6      | Reached XP level 8. HP: 52/71 MP: 7/7
  3891 | D:6      | Reached *** piety under Uskayaw
  3897 | D:6      | Reached **** piety under Uskayaw
  4190 | D:7      | Found a hazy altar of Hepliaklqana.
  4201 | D:7      | Found a staircase to the Ecumenical Temple.
  4296 | D:7      | Reached skill level 10 in Polearms
  4518 | D:7      | Noticed Pikel
  4526 | D:7      | Paralysed by Pikel for 2 turns
  4530 | D:7      | Killed Pikel
  4530 | D:7      | Reached skill level 11 in Polearms
  4577 | D:7      | Reached skill level 12 in Polearms
  4577 | D:7      | Reached XP level 9. HP: 32/79 MP: 5/8
  4935 | D:7      | Found Idwiu's General Store.
  4965 | D:7      | Bought a scroll of identify for 28 gold pieces
  4965 | D:7      | Bought a scroll of remove curse for 42 gold pieces
  5130 | D:7      | Noticed flt's ghost (novice OpTm)
  5815 | D:7      | HP: 3/79 [flt's ghost (4)]
  5816 | D:7      | Killed flt's ghost
  5816 | D:7      | Reached skill level 13 in Polearms
  6354 | D:8      | Noticed a two-headed ogre
  6361 | D:8      | HP: 1/79 [two-headed ogre/giant club (12)]
  6545 | D:7      | Reached skill level 14 in Polearms
  6696 | D:8      | Killed a two-headed ogre
  6696 | D:8      | Reached skill level 1 in Evocations
  6696 | D:8      | Reached XP level 10. HP: 56/86 MP: 9/9
  6856 | D:8      | Noticed Erica
  6865 | D:8      | Killed Erica
  7457 | D:9      | Found a shimmering altar of Xom.
  7458 | D:9      | Found a basalt altar of Yredelemnul.
  7458 | D:9      | Found a bloodstained altar of Trog.
  7482 | D:9      | Reached ***** piety under Uskayaw
  7484 | D:9      | Reached skill level 10 in Shields
  7497 | D:9      | Reached ****** piety under Uskayaw
  8547 | D:10     | Entered Level 10 of the Dungeon
  8732 | D:10     | HP: 4/86 [yak (4)]
  9583 | D:10     | Reached XP level 11. HP: 45/92 MP: 5/12
  9922 | D:10     | Found a staircase to the Orcish Mines.
 10007 | D:10     | Found a roughly hewn altar of Beogh.
 10472 | Orc:1    | Entered Level 1 of the Orcish Mines
 10472 | Orc:1    | Found Syizour's Antique Armour Shop.
 10677 | Orc:2    | Entered Level 2 of the Orcish Mines
 10920 | Orc:2    | Noticed an orc sorcerer
 10928 | Orc:2    | Paralysed by an orc sorcerer for 4 turns
 10937 | Orc:2    | Paralysed by an orc sorcerer for 4 turns
 10947 | Orc:2    | Killed an orc sorcerer
 11366 | Orc:2    | Noticed an orc sorcerer
 11375 | Orc:2    | Killed an orc sorcerer
 11402 | Orc:2    | Noticed an ogre mage
 11409 | Orc:2    | Noticed an orc sorcerer
 11412 | Orc:2    | Noticed an orc sorcerer
 11726 | Orc:2    | Killed an orc sorcerer
 11834 | Orc:2    | Noticed a sixfirhy
 11840 | Orc:2    | Killed an ogre mage
 11847 | Orc:2    | Found a radiant altar of Vehumet.
 11847 | Orc:2    | Found Cown's Distillery.
 11847 | Orc:2    | Noticed an orc sorcerer
 11847 | Orc:2    | Noticed an ogre mage
 11848 | Orc:2    | Noticed an ogre mage
 11851 | Orc:2    | Slain by an ogre

Skill      XL: |  1  2  3  4  5  6  7  8  9 10 11 |
---------------+----------------------------------+-----
Armour         | 4 |  4.3
Dodging        | 1 |  1.3
Shields        | 4 6 12 13 | 13.8
Fighting       | 4 5 6 7 |  7.1
Polearms       | 3 4 5 7 9 12 14 | 14.1
Evocations     | 1 2 3 |  3.0
Staves         | |  0.2

Action                   |  1- 3 |  4- 6 |  7- 9 | 10-12 || total
-------------------------+-------+-------+-------+-------++-------
Melee: Trident           |   108 |     9 |       |   322 ||   439
       Headbutt          |     6 |    23 |    24 |    70 ||   123
       Quarterstaff      |       |   136 |   231 |     5 ||   372
       Falchion          |       |     1 |       |     5 ||     6
 Fire: Blowgun           |       |       |       |     5 ||     5
Throw: Tomahawk          |       |     4 |     1 |    14 ||    19
Invok: Stomp             |       |       |    10 |    29 ||    39
       Line Pass         |       |       |     1 |     2 ||     3
Evoke: Wand              |       |       |     2 |     1 ||     3
       Phial of floods   |       |       |       |     1 ||     1
  Use: Scroll            |       |     2 |     5 |     3 ||    10
       Potion            |       |       |     5 |    11 ||    16
 Stab: Paralysed         |       |     3 |     6 |    12 ||    21
  Eat: Fruit             |       |     4 |       |     1 ||     5
       Chunk             |       |     3 |     7 |       ||    10
       Meat ration       |       |       |     2 |       ||     2
       Bread ration      |       |       |       |     4 ||     4
Armor: Scale mail        |    58 |    53 |    79 |     7 ||   197
       Chain mail        |       |       |       |    53 ||    53
       Skin              |       |       |       |     4 ||     4
       Plate armour      |       |       |       |    63 ||    63
Dodge: Dodged            |    33 |    73 |    72 |    76 ||   254
Block: Shield            |    35 |     1 |       |   103 ||   139
